Cogmind - Beta 9.6 @@@ ROGUE MODE // 2020.09.13 @ 14:16:12 Player: Eldrac Result: Destroyed by S-10 Pest with Light Assault Rifle Performance ------------- Evolutions (1) 500 Regions Visited (2) 400 Robots Destroyed (15) 75 Value Destroyed (332) 332 Prototype IDs (0) 0 Alien Tech Used (0) 0 Bonus (0) 0 TOTAL SCORE: 1307 Bonus ------- None Cogmind --------- Core Integrity 0/400 Matter 299/300 Energy 80/100 System Corruption 0% Temperature Cool (6) Movement Core (300) Ox5 Location -9/Materials Parts ------- > --- POWER (1) -------- (None) > --- PROPULSION (4) --- (None) > --- UTILITY (2) ------ Large Storage Unit > --- WEAPON (2) ------- (None) > --- INVENTORY (10) --- Ion Engine Light Ion Engine Flight Unit Heat Sink Small Storage Unit Sensor Array Peak State ------------ > --- POWER ------------ Light Nuclear Core > --- PROPULSION ------- Aluminum Leg Aluminum Leg Aluminum Leg > --- UTILITY ---------- Improved Heat Sink Large Storage Unit > --- WEAPON ----------- Small Laser Light Assault Rifle > --- INVENTORY -------- Ion Engine Light Ion Engine Heat Sink Small Storage Unit Sensor Array Small Laser Particle Gun [Rating: 12] Favorites ----------- Power Light Ion Engine Engine Light Ion Engine Power Core Light Nuclear Core Propulsion Aluminum Leg Leg Aluminum Leg Flight Unit Flight Unit Utility Large Storage Unit Device Improved Heat Sink Storage Large Storage Unit Weapon Light Assault Rifle Energy Gun Medium Laser Ballistic Gun Light Assault Rifle Build | -11 -10 -9 ------- Run | Scr Mat Mat Slots Evolved 2 | . . 2 Power . | . . . Propulsion 2 | . . 2 Utility . | . . . Weapon . | . . . Parts Attached 21 | 6 4 11 Power 3 | 1 1 1 Engine 2 | 1 . 1 Core 1 | . 1 . Reactor . | . . . Propulsion 8 | 2 . 6 Treads . | . . . Leg 5 | 2 . 3 Wheel . | . . . Hover . | . . . Flight 3 | . . 3 Utility 4 | 1 2 1 Device 2 | . 1 1 Storage 2 | 1 1 . Processor . | . . . Hackware . | . . . Protection . | . . . Artifact . | . . . Weapon 6 | 2 1 3 Energy Gun 4 | 1 1 2 Energy Cannon . | . . . Ballistic Gun 2 | 1 . 1 Ballistic Cannon . | . . . Launcher . | . . . Special Weapon . | . . . Impact Weapon . | . . . Slashing Weapon . | . . . Piercing Weapon . | . . . Special Melee Weapon . | . . . Unidentified Prototypes . | . . . Parts Lost 15 | . 1 14 Power 2 | . . 2 Propulsion 6 | . . 6 Utility 1 | . . 1 Weapon 6 | . 1 5 Highest Loss Streak 8 | . 1 8 Average Slot Usage (%) 64 | . 88 45 Engine 5 | . 10 1 Core 2 | . 3 1 Leg 16 | . 28 6 Flight 5 | . . 10 Device 2 | . 3 2 Storage 12 | . 14 11 Energy Gun 7 | . 14 2 Ballistic Gun 11 | . 14 10 Naked Turns . | . . . Heaviest Build 24 | 10 24 24 Greatest Support 30 | 20 20 30 Greatest Overweight (x) 5 | 1 1 5 Average Overweight (x) . | . . 1 Largest Inventory Capacity 12 | 6 12 10 Average Capacity 8 | 5 8 10 Most Carried 9 | 2 8 9 Average Carried 4 | . 2 6 Final Capacity 10 | 6 10 10 Final Carried 8 | 1 8 6 Class Distribution -------------------- 94% | Mutant 5% | Scavenger-Mutant Dominant Class ---------------- Mutant | -10/Materials Mutant | -9/Materials Resources | -11 -10 -9 ----------- Run | Scr Mat Mat Matter Collected 410 | 201 118 91 Remotely . | . . . Salvage Created 396 | . 175 221 Parts 29 | . 11 18 Haulers Intercepted . | . . . Recyclers Shooed 1 | . . 1 Parts Field Recycled . | . . . Retrieved Matter . | . . . Parts Self-Destructed . | . . . Prevented . | . . . Kills | -11 -10 -9 ------- Run | Scr Mat Mat Combat Hostiles Destroyed 13 | . 4 9 Guns 13 | . 4 9 Classes Destroyed 3 | . 2 1 Watcher 2 | . 1 1 Swarmer 7 | . . 7 Grunt 6 | . 4 2 Best Kill Streak 5 | . 2 5 Combat Bots Only 5 | . 2 5 Max Kills in Single Turn 2 | . 2 1 Gunslinging 1 | . 1 . Exploded . | . . . Melee . | . . . Uniques/NPCs Destroyed . | . . . Combat | -11 -10 -9 -------- Run | Scr Mat Mat Damage Taken 1418 | . 309 1109 Core 439 | . 38 401 Absorbed by Shields . | . . . Core Remaining (%) 92 | 100 84 . Volleys Fired 75 | . 24 51 Largest 2 | . 2 2 Hottest 85 | . 70 85 Shots Fired 108 | . 44 64 Gun 108 | . 44 64 Cannon . | . . . Launcher . | . . . Special . | . . . Kinetic 75 | . 24 51 Thermal 33 | . 20 13 Explosive . | . . . Electromagnetic . | . . . Robot Hit Streak 7 | . 7 7 Robot Miss Streak 5 | . 4 5 Penetration Max . | . . . Secondary Targets 1 | . 1 . Max Gunslinging Chain 1 | . 1 . Shots Hit Robots 61 | . 29 32 Core Hits 34 | . 12 22 Critical Hits . | . . . Critical Kills . | . . . Critical Parts Destroyed . | . . . Melee Attacks . | . . . Impact . | . . . Slashing . | . . . Piercing . | . . . Sneak Attacks . | . . . Combat Hostiles . | . . . Follow-up Attacks . | . . . Damage Inflicted 658 | . 254 404 Guns 640 | . 254 386 Cannons . | . . . Explosions . | . . . Melee . | . . . Ramming 18 | . . 18 Kinetic 377 | . 120 257 Thermal 263 | . 134 129 Explosive . | . . . Electromagnetic . | . . . Impact . | . . . Slashing . | . . . Piercing . | . . . Highest Corruption . | . . . Average Corruption . | . . . Corruption Purged . | . . . Overload Shots . | . . . Overflow Damage . | . . . Projectiles . | . . . Explosions . | . . . Melee . | . . . Knockbacks . | . . . Impact . | . . . Kinetic . | . . . Secondary . | . . . Self-Inflicted Damage 2 | . . 2 Shots . | . . . Rammed 5 | . . 5 Targets Rammed 10 | . . 10 Kicked 5 | . . 5 Crushed . | . . . Highest Temperature 198 | . 120 198 Average Temperature 68 | . 37 103 Received Heat Transfer 372 | . 168 204 Siege Activations . | . . . Robots Corrupted . | . . . Combat Hostiles . | . . . Parts Fried . | . . . Impact Corruptions . | . . . Robots Melted . | . . . Combat Hostiles . | . . . Parts Melted 1 | . 1 . Heat Transferred 645 | . 336 309 Parts Sabotaged . | . . . Parts Stolen . | . . . Parts Stripped . | . . . Power Chain Reactions . | . . . Missiles Intercepted . | . . . Alert | -11 -10 -9 ------- Run | Scr Mat Mat Peak Influence 161 | . 107 161 Average Influence 66 | . 39 112 Maximum Alert Level . | . . . Low Security (%) 100 | 100 100 100 Level 1 . | . . . Level 2 . | . . . Level 3 . | . . . Level 4 . | . . . Level 5 . | . . . High Security . | . . . Max Security . | . . . Squads Dispatched 2 | . 2 . Investigation 1 | . 1 . Extermination . | . . . Reinforcement 1 | . 1 . Assault . | . . . Garrison . | . . . Intercept . | . . . Construction Impeded . | . . . Haulers Reinforced . | . . . Stealth | -11 -10 -9 --------- Run | Scr Mat Mat Distress Signals 1 | . . 1 Communications Jammed . | . . . Distress Signals . | . . . Times Spotted 34 | . 6 28 Peak Tracking Total 10 | . 3 10 Tactical Retreats 2 | . . 2 Traps | -11 -10 -9 ------- Run | Scr Mat Mat Traps Triggered 1 | . 1 . Indirectly . | . . . Trap Hack Attempts . | . . . Triggered . | . . . Disarmed . | . . . Reprogrammed . | . . . Reused . | . . . Traps Extracted . | . . . Installed . | . . . Triggered . | . . . Machines | -11 -10 -9 ---------- Run | Scr Mat Mat Machines Disabled . | . . . Max in Single Turn . | . . . Machines Sabotaged . | . . . Garrisons Compromised . | . . . Overloaded Fab Kills . | . . . Fab Network Shutdowns . | . . . Hacking | -11 -10 -9 --------- Run | Scr Mat Mat Machines Accessed . | . . . Terminals . | . . . Fabricators . | . . . Repair Stations . | . . . Recycling Units . | . . . Scanalyzers . | . . . Garrison Access . | . . . Total Hacks . | . . . Successful . | . . . Failed . | . . . Catastrophic . | . . . Database Lockouts . | . . . Manual . | . . . Terminals . | . . . Fabricators . | . . . Repair Stations . | . . . Recycling Units . | . . . Scanalyzers . | . . . Garrison Access . | . . . Terminal Hacks . | . . . Fabricator Hacks . | . . . Repair Station Hacks . | . . . Recycling Unit Hacks . | . . . Scanalyzer . | . . . Garrison Access Hacks . | . . . Unauthorized Hacks . | . . . Terminals . | . . . Fabricators . | . . . Repair Stations . | . . . Recycling Units . | . . . Scanalyzers . | . . . Garrison Access . | . . . Data Cores Recovered . | . . . Used . | . . . Hacking Detections . | . . . Full Trace Events . | . . . Feedback Events . | . . . Feedback Blocked . | . . . Robot Schematics Acquired . | . . . Robots Built . | . . . Matter . | . . . Time . | . . . Total Robot Build Rating . | . . . Part Schematics Acquired . | . . . Parts Built . | . . . Matter . | . . . Time . | . . . Total Part Build Rating . | . . . Parts Repaired . | . . . Time . | . . . Parts Recycled . | . . . Recycled Matter . | . . . Retrieved Matter . | . . . Retrieved Components . | . . . Parts Scanalyzed . | . . . Part Schematics Acquired . | . . . Parts Damaged . | . . . Bothacking | -11 -10 -9 ------------ Run | Scr Mat Mat Used RIF Installer . | . . . Robots Hacked . | . . . Non-combat . | . . . Combat . | . . . Robot Hacks Applied . | . . . Relay Couplers Released . | . . . Robots Rewired . | . . . Allies Hacked . | . . . Hacks Repelled . | . . . Allies | -11 -10 -9 -------- Run | Scr Mat Mat Total Allies . | . . . Largest Group . | . . . Highest-Rated Group . | . . . Highest-Rated Ally . | . . . Total Orders . | . . . Ally Attacks . | . . . Total Damage . | . . . Kills . | . . . Allies Corrupted . | . . . Allies Melted . | . . . Intel | -11 -10 -9 ------- Run | Scr Mat Mat Robot Analysis Total . | . . . Derelict Logs Recovered . | . . . Drone Launches . | . . . Drone Recoveries . | . . . Exploration | -11 -10 -9 ------------- Run | Scr Mat Mat Turns Passed 745 | 133 269 343 Spaces Moved 358 | 101 147 110 Core 37 | 23 . 14 Treads . | . . . Legs 266 | 78 147 41 Wheels . | . . . Hover . | . . . Flight 55 | . . 55 Fastest Speed 50 | 50 120 120 Average Speed 141 | 108 131 186 Slowest Speed 360 | 120 150 360 Overloaded Moves . | . . . Propulsion Burnouts . | . . . Robots Hopped . | . . . Cave-ins Triggered . | . . . Exploration Rate (%) 16 | 6 31 11 Regions Visited 2 Branch Regions . Pre-discovered Areas . | . . . Known Exits Taken . | . . . Unknown Exits Taken 2 | 1 1 . Scrap Searched . | . . . Spaces Dug . | . . . Terrain Destroyed . | . . . Melee . | . . . Projectile . | . . . AOE . | . . . Actions | -11 -10 -9 --------- Run | Scr Mat Mat Total 499 | 126 184 189 Wait 5 | 5 . . Move 356 | 100 146 110 Hop . | . . . Pick Up 26 | 11 9 6 Fast Attach . | . . . Attach 18 | 6 3 9 Detach 2 | . 1 1 Swap 3 | . 1 2 Drop 4 | 4 . . Fire 75 | . 24 51 Melee . | . . . Ram 1 | . . 1 Kick 9 | . . 9 Crush . | . . . Escape Stasis . | . . . Rewire . | . . . Trap . | . . . Miscellaneous . | . . . Route ------- -11/Scrapyard -10/Materials (discovered 2 exits: [*Mat x2]) -9/Materials History --------- Turn | Location | Event 19 | -11/Scrapyard | Discovered new exit (range 15) 134 | -11/Scrapyard | Entered Materials 214 | -10/Materials | Discovered new exit (range 14) 250 | -10/Materials | Discovered new exit (range 8) 309 | -10/Materials | Build established: Mutant 403 | -10/Materials | Entered another Materials area 403 | -9/Materials | Evolved 2 slots: Propulsion x2 516 | -9/Materials | Lost 8 parts (1p3n1u3w) 603 | -9/Materials | Core integrity fell below 50% 726 | -9/Materials | Core integrity fell below 20% 746 | -9/Materials | Destroyed by S-10 Pest with Light Assault Rifle Last Messages --------------- Acquired Aluminum Leg. [Achievement: Storm Trooper] Lgt. Ion Engine destroyed. Particle Gun destroyed. G-47 Trooper destroyed. Acquired 10 matter. K-01 Serf collects debris. Acquired Aluminum Leg. K-01 Serf collects debris. W-16 Scout sends out distress signal. Flight Unit destroyed. C-30 ARC bursts open, deploying its payload. S-10 Pest unfolds itself. Lgt. Assault Rifle destroyed. Kicked S-10 Pest out of the way. Kicked G-34 Mercenary out of the way. Kicked U-05 Engineer out of the way. Aluminum Leg destroyed. K-01 Serf collects debris. Aluminum Leg destroyed. Map ----- +----------------------------------------------------+ | ?????????????????????????? ??????????????????????? | | ?????????????????????????? ??????????????????????? | | ?????????????????????#####/###???????????????????? | | ????????????????????? #???????????????????? | | ????????????????????#""" +???????????????????? | | ????????????????????#""" #???????????????????? | | ????????????????????#""" #???????????????????? | | ????????????????????# #???????????????????? | | ????????????????????#""" #???????????????????? | | ????????????????????#""" # ??????????????????? | | ????????????????????#""" # ??????????????????? | | ????????????????????# %# #?????????????????? | | ????????????????????######/### ###???????????????? | | ?????????????????????????# #?# wk????????????????? | | ?????????????????????????# #?# #????????????????? | | ????????????????########?# #?# #???+##??????????? | | ????????????????#[ !#?# ### #? ???????????? | | ????????????????# #?# # ?????????????? | | ????????????????# ! #?# + ? ?????????????? | | ????????????????# #?# #?? ?????????????? | | ????????????????# #?# u #?+#?????????????? | | ????????????????# ### #? #?????????????? | | ????????????????#####/## Y g #? #?????????????? | | ??????????????????# s g ## #?????????????? | | ??????????????????# ssg % +?????????????? | | ??????????????????# @ % #?????????????? | | ??????????????????# #?????????????? | | ??????????????????# ####+#### #?????????????? | | ??????????????????# #???????# #?????????????? | | ??????????????????# #???????#% ####??????????? | | ??????????????????# #???????#%% #??????????? | | ?????????????????? ????????#%##### #??????????? | | ?????????????????# ????????#%#?????#??????????? | | ?????????????????+ T ????????# #????????????????? | | ?????????????????# ????????# #????????????????? | | ?????????????????# ????????# #????????????????? | | ?????????????????#####????????#%#????????????????? | | ?????????????????????????????##+####?????????????? | | ?????????????????????????????# %! #?????????????? | | ?????????????????????????????# % / #??????????? | | ?????????????????????????????# ##+#??????????? | | ?????????????????????????????# #?????????????? | | ?????????????????????????????# #?????????????? | | ?????????????????????????????# #?????????????? | | ?????????????????????????????# #?????????????? | | ?????????????????????????????# #?????????????? | | ?????????????????????????????# #?????????????? | | ?????????????????????????????# #?????????????? | | ?????????????????????????????# #?????????????? | | ?????????????????????????????# #?????????????? | +----------------------------------------------------+ Best States ------------- Heat Dissipation 42 Energy Generation 14 Energy Capacity 160 Matter Stores 300 Matter Capacity 300 Sight Range 16 Robot Scan Range 10 Terrain Scan Density 10 Evasion (%) 50 Item Schematics ----------------- None Robot Schematics ------------------ None Fabricated ------------ Nothing Alien Tech Used ----------------- None Achievements -------------- Storm Trooper Challenges ------------ None Game ------ Seed WeightCloakShielding Manual? 0 Play Time 00:17:14 Cumulative 1.1 hours Start 2020.09.13 @ 14:00:44 End 2020.09.13 @ 14:16:12 Sessions 1 Manual Loads 0 Difficulty Rogue Special Mode None Game No. 3 Rogue 3 Adventurer 0 Explorer 0 Win Type - Total 0 Types 0/0/0/0/0/0/0 Lore% 0 Gallery% 3 Achievement% 2 Wizard Run 0 Options --------- ASCII 0 Keyboard 0 Movement Numpad Keybinds 0 Fullscreen 1 Font 20/X11 Map View 66x50 Tactical HUD 0 Map Filters NONE Filters NONE Steam 1 RUN: 3c0bf0f1-e7da-4414-a1c0-03419506b2a2